 Dungeon Crawl Stone Soup version 0.19-a0-944-gb338e1e (webtiles) character file.

19620 mistymad the Archer (level 12, 0/101 HPs)
             Began as a Centaur Hunter on July 9, 2016.
             Was a High Priest of Fedhas.
             Slain by a large slime creature (27 damage)
             ... on level 13 of the Dungeon.
             The game lasted 00:48:44 (13836 turns).

mistymad the Archer (Centaur Hunter)               Turns: 13836, Time: 00:48:44

Health: 0/101      AC: 20    Str: 21 (22) XL:     12   Next: 38%
Magic:  30/30      EV:  4    Int: 13 (15) God:    Fedhas [*****.]
Gold:   792        SH:  0    Dex: 12      Spells: 2 memorised, 7 levels left

rFire  . . .     SeeInvis .     e - +4 shortbow (velocity)
rCold  . . .     Gourm    .     C - +6 chain mail of Onteweca {MP+9}
rNeg   . . .     Faith    .     (shield currently unavailable)
rPois  +         Spirit   .     (helmet restricted)
rElec  .         Dismiss  .     (no cloak)
rCorr  .         Reflect  .     D - +2 pair of gloves
SustAt .         Harm     .     r - +0 centaur barding of the Hare {MP+9 Int+3}
MR     +....     Rnd*Rage +     j - amulet of regeneration
Stlth  ..........               k - +6 ring of strength {=R}
                                K - ring of protection from magic

@: exhausted, slowed, somewhat resistant to hostile enchantments, extremely
unstealthy
A: hooves 3, horns 1, berserk 1, blurry vision 1, clever 1, clumsy 1, deformed
body, deterioration 1, speed 2, frail 1, poison resistance, regeneration 1,
tough skin 3
a: Evolution, Sunlight, Growth, Reproduction, Rain, Renounce Religion


You were on level 13 of the Dungeon.
You worshipped Fedhas.
Fedhas was extremely pleased with you.
You were hungry.

You visited 3 branches of the dungeon, and saw 15 of its levels.

You collected 792 gold pieces.

Inventory:

Hand Weapons
 e - a +4 shortbow of velocity (weapon)
 q - a +0 long sword of venom
Missiles
 c - a throwing net
 d - 256 arrows (quivered)
Armour
 l - a +3 ring mail of positive energy
 r - the +0 centaur barding of the Hare (worn) {MP+9 Int+3}
   (You found it on level 6 of the Dungeon)

   It affects your intelligence (+3).
   It affects your magic capacity (+9).
 C - the +6 chain mail of Onteweca (worn) {MP+9}
   (You found it on level 7 of the Dungeon)

   It affects your magic capacity (+9).
 D - a +2 pair of gloves (worn)
 Y - a +2 helmet of intelligence
Jewellery
 j - an amulet of regeneration (around neck)
 k - a +6 ring of strength (right hand) {=R}
 s - an uncursed ring of positive energy
 A - an uncursed ring of ice
 J - an uncursed ring of flight
 K - a ring of protection from magic (left hand)
Wands
 w - a wand of paralysis (12/24)
 y - a wand of polymorph (11/24)
 R - a wand of disintegration (22/24)
Scrolls
 g - 2 scrolls of amnesia
 u - 2 scrolls of recharging
 v - 6 scrolls of remove curse
 B - 8 scrolls of teleportation
 F - 2 scrolls of enchant weapon
 H - 2 scrolls of enchant armour
 I - a scroll of fog
 P - 8 scrolls of identify
 X - a scroll of immolation
Potions
 h - a potion of agility
 i - 5 potions of curing
 n - a potion of lignification
 o - 6 potions of heal wounds
 t - a potion of flight
 z - a potion of mutation
 G - a potion of magic
 L - a potion of berserk rage
 M - a potion of beneficial mutation {unknown}
 N - a potion of brilliance {unknown}
 T - 5 potions of degeneration {unknown}
 U - a potion of resistance {unknown}
Books
 p - a book of Minor Magic

   Spells                             Type                      Level
   a - Magic Dart                     Conjuration                  1
   b - Blink                          Translocation                2
   c - Call Imp                       Summoning                    2
   d - Repel Missiles                 Charms/Air                   2
   e - Slow                           Hexes                        2
   f - Conjure Flame                  Conjuration/Fire             3
   g - Mephitic Cloud                 Conjuration/Poison/Air       3
 E - a book of Summonings

   Spells                             Type                      Level
   a - Recall                         Summoning/Translocation      3
   b - Aura of Abjuration             Summoning                    5
   c - Summon Demon                   Summoning                    5
   d - Summon Forest                  Summoning/Translocation      5
   e - Summon Mana Viper              Hexes/Summoning              5
   f - Shadow Creatures               Summoning                    6
 O - a Necronomicon

   Spells                             Type                      Level
   a - Haunt                          Necromancy/Summoning         7
   b - Borgnjor's Revivification      Necromancy                   8
   c - Death's Door                   Charms/Necromancy            8
   d - Infestation                    Necromancy                   8
   e - Necromutation                  Transmutation/Necromancy     8
 W - a book of Frost

   Spells                             Type                      Level
   a - Freeze                         Ice                          1
   b - Throw Frost                    Conjuration/Ice              2
   c - Ozocubu's Armour               Charms/Ice                   3
   d - Throw Icicle                   Conjuration/Ice              4
   e - Summon Ice Beast               Ice/Summoning                4
 Z - a book of Power

   Spells                             Type                      Level
   a - Fulminant Prism                Conjuration/Hexes            4
   b - Iskenderun's Mystic Blast      Conjuration                  4
   c - Venom Bolt                     Conjuration/Poison           5
   d - Bolt of Magma                  Conjuration/Fire/Earth       5
   e - Iron Shot                      Conjuration/Earth            6
   f - Orb of Destruction             Conjuration                  7
   g - Spellforged Servitor           Conjuration/Summoning        7
Miscellaneous
 Q - a lamp of fire
Comestibles
 a - 8 meat rations
 b - 2 beef jerkies
 f - 6 bread rations
 m - 2 slices of pizza
 x - 10 royal jellies
 S - 2 chunks of flesh
 V - 7 fruits


   Skills:
 + Level 12.6 Fighting
 + Level 11.3 Long Blades
 - Level 14.3 Bows
 - Level 1.3 Dodging
 - Level 0.5 Stealth


You had 7 spell levels left.
You knew the following spells:

 Your Spells              Type           Power        Failure   Level  Hunger
a - Repel Missiles        Chrm/Air       #.....       100%        2    ###....
b - Blink                 Tloc           N/A          100%        2    ###....


Dungeon Overview and Level Annotations

Branches:
Dungeon (13/15)            Temple (1/1) D:4            Lair (0/6) D:10
    Orc (1/2) D:10
 Vaults: D:13-14

Altars:
Ashenzari
Cheibriados
Dithmenos
Elyvilon
Fedhas
Gozag
Hepliaklqana
Kikubaaqudgha
Makhleb
Nemelex Xobeh
Okawaru
Pakellas
Qazlal
Ru
Sif Muna
Trog
Uskayaw
Vehumet
Xom
Yredelemnul
Zin
The Shining One

Shops:
D:10 [!   D:11 ?

Annotations:
D:7 tstbtto's ghost, novice MiFi
D:13 Snorg


Innate Abilities, Weirdness & Mutations

You have hooves in place of feet.
Armour fits poorly on your strangely shaped body.
You cover ground very quickly.
You have extremely tough skin. (AC +3)
You have a pair of small horns on your head.
You tend to lose your temper in combat.
Scrolls take you a little longer to read.
Your mind is acute. (Int +2)
You are clumsy. (Dex -2)
Your body sometimes deteriorates upon taking damage.
You are frail. (-10% HP)
Your system is resistant to poisons. (rPois)
Your natural rate of healing is unusually fast.


Message History

The arrow hits the shadow.
The shadow is heavily damaged.
Firing (i - inventory. (,) - cycle):
d - 257 arrows (quivered)
Press: ? - help, Shift-Dir - straight line, f/p - slime creature
Aim: a slime creature (heavily wounded)
You shoot an arrow. The arrow hits the slime creature!
The slime creature is severely wounded.
The slime creature hits you!
* * * LOW HITPOINT WARNING * * *
A two-headed ogre comes into view.
It is wielding a dire flail and a giant club.
You take 14 damage, and have 21/101 hp.
You feel much better.
A slime creature suddenly becomes a large slime creature.
You regained 15 hp, and now have 36/101 hp.
The centaur warrior shoots an arrow.
The arrow hits you!
* * * LOW HITPOINT WARNING * * *
Your body deteriorates!
You feel dopey. The large slime creature hits you!!
You die...
Fedhas appreciates your contribution to the ecosystem.

.#...#...# #.######
.........# #.# ##....#.##
#.# ##.#.#.# #.# #.#.#.#
#.# ## #.#.#.######
#######.# #. #.....##...#
#.......#####.
#.##.....#.###.......#.....
#. ##[[>..@J.#.......#.###.
#>###)###.##.cW...((.......
#...÷.##..####(............
###<÷..............#####...
#####....(......## ####
###.......### ##....###
##..## ####


You could see a large slime creature, a centaur warrior and a shadow.

Vanquished Creatures
  A hydra (D:13)
  7 hill giants
  Pikel (D:3)
  3 ugly things
  An orc knight (D:10)
  A griffon (D:13)
  2 cyclopes
  A manticore (D:12)
  2 centaur skeletons (D:12)
  A queen bee (D:11)
  Grinder (D:4)
  2 trolls (D:10)
  A two-headed ogre (D:11)
  3 slime creatures (D:13)
  2 wraiths
  19 yaks
  A hungry ghost (D:10)
  2 hippogriffs
  A vampire mosquito (D:10)
  2 mottled dragons
  A water moccasin (D:12)
  5 orc warriors
  2 ice beasts
  3 sky beasts
  A black bear (D:7)
  13 centaurs
  5 ogres
  A crocodile (D:7)
  Blork the orc (D:5)
  6 giant frogs
  A wyvern skeleton (D:12)
  26 killer bees
  17 wights
  3 howler monkeys
  3 crimson imps
  4 hounds
  5 jellies
  5 orc priests
  A gnoll shaman (D:6)
  6 orc wizards
  5 iguanas
  4 giant frog skeletons
  10 worker ants
  3 gnolls (D:6)
  9 adders
  5 river rats (D:8)
  A howler monkey skeleton (D:11)
  4 shadow imps
  3 oozes
  2 adder skeletons
  3 worms
  3 dart slugs
  5 giant geckos
  37 orcs
  2 ball pythons
  10 giant cockroaches
  7 goblins
  10 hobgoblins
  14 jackals
  12 quokkas
  10 bats
  A giant gecko skeleton (D:3)
  9 giant newts
  A jackal skeleton (D:5)
  8 kobolds
  A quokka skeleton (D:4)
  A quokka zombie (D:5)
  39 rats
382 creatures vanquished.

Vanquished Creatures (others)
  2 slaves (D:4)
  3 orcs (D:4)
  A plant (D:13)
  190 toadstools
196 creatures vanquished.

Grand Total: 578 creatures vanquished

Notes
Turn   | Place    | Note
-------+----------+-------------------------------------------
     0 | D:1      | mistymad the Centaur Hunter began the quest for the Orb.
     0 | D:1      | Reached XP level 1. HP: 17/17 MP: 1/1
   348 | D:1      | Reached XP level 2. HP: 24/24 MP: 2/2
  1022 | D:1      | Reached XP level 3. HP: 26/30 MP: 3/3
  1445 | D:1      | Reached skill level 6 in Bows
  2143 | D:2      | Reached XP level 4. HP: 37/38 MP: 4/4
  3130 | D:3      | Learned a level 2 spell: Repel Missiles
  3150 | D:3      | Reached XP level 5. HP: 7/46 MP: 5/5
  3228 | D:3      | Reached skill level 1 in Long Blades
  3749 | D:3      | Found a burning altar of Makhleb.
  3749 | D:3      | Found a shattered altar of Ashenzari.
  3797 | D:3      | Reached skill level 7 in Bows
  3978 | D:4      | Noticed a slave
  3980 | D:4      | Noticed Pikel
  3984 | D:4      | Noticed a slave
  3984 | D:4      | Noticed a slave
  3985 | D:4      | Noticed a slave
  4053 | D:3      | Killed Pikel
  4053 | D:3      | Reached skill level 5 in Fighting
  4053 | D:3      | Reached skill level 8 in Bows
  4053 | D:3      | Reached XP level 6. HP: 17/56 MP: 6/6
  4053 | D:3      | Reached XP level 7. HP: 18/61 MP: 7/7
  4436 | D:4      | Noticed a yak
  4443 | D:4      | Noticed a hippogriff
  4447 | D:4      | Killed a yak
  4567 | D:4      | Killed a hippogriff
  4778 | D:4      | Reached skill level 9 in Bows
  4778 | D:4      | Reached XP level 8. HP: 70/70 MP: 8/8
  4834 | D:4      | Noticed Grinder
  4891 | D:4      | Paralysed by Grinder for 5 turns
  4906 | D:4      | Killed Grinder
  5044 | D:4      | Found a staircase to the Ecumenical Temple.
  5130 | Temple   | Entered the Ecumenical Temple
  5299 | Temple   | Became a worshipper of Fedhas Madash
  5483 | D:3      | Found a shattered altar of Ashenzari.
  5735 | D:5      | Entered Level 5 of the Dungeon
  5735 | D:5      | Noticed Blork the orc
  5742 | D:5      | Killed Blork the orc
  5853 | D:5      | Found a sparkling altar of Nemelex Xobeh.
  6044 | D:5      | Found a hazy altar of Hepliaklqana.
  6347 | D:6      | Reached skill level 5 in Long Blades
  6386 | D:6      | Reached skill level 10 in Bows
  6390 | D:6      | Reached * piety under Fedhas
  6752 | D:6      | Got a polished centaur barding
  6758 | D:6      | Identified the cursed +0 centaur barding of the Hare {MP+9 Int+3} (You found it on level 6 of the Dungeon)
  6935 | D:6      | Learned a level 2 spell: Blink
  7008 | D:6      | Reached XP level 9. HP: 79/79 MP: 9/9
  7376 | D:7      | Noticed tstbtto's ghost (novice MiFi)
  7685 | D:7      | Got a faintly humming chain mail
  7696 | D:7      | Identified the +6 chain mail of Onteweca {MP+9} (You found it on level 7 of the Dungeon)
  7779 | D:7      | Reached skill level 11 in Bows
  7787 | D:7      | Gained mutation: You have an increased reservoir of magic. (+10% MP) [mutagenic meat]
  7790 | D:7      | Gained mutation: You have a pair of small horns on your head. [mutagenic meat]
  7793 | D:7      | Gained mutation: Your mind is acute. (Int +2) [mutagenic meat]
  8192 | D:8      | You fall through a shaft!
  8619 | D:7      | Gained mutation: Scrolls take you a little longer to read. [mutagenic meat]
  8622 | D:7      | Gained mutation: Your natural rate of healing is unusually fast. [mutagenic meat]
  8625 | D:7      | Lost mutation: You have an increased reservoir of magic. (+10% MP) [mutagenic meat]
  9042 | D:8      | Reached ** piety under Fedhas
  9789 | D:9      | Reached skill level 12 in Bows
  9793 | D:9      | Reached *** piety under Fedhas
  9832 | D:10     | Entered Level 10 of the Dungeon
  9836 | D:10     | Noticed a hill giant
  9852 | D:10     | Killed a hill giant
  9852 | D:10     | Reached XP level 10. HP: 62/90 MP: 10/10
 10100 | D:10     | Noticed a hill giant
 10116 | D:10     | Killed a hill giant
 10203 | D:10     | Found Ajakucle's Antique Armour Emporium.
 10230 | D:10     | Found a staircase to the Orcish Mines.
 10273 | D:10     | Noticed a hill giant
 10283 | D:10     | Killed a hill giant
 10291 | D:10     | Reached skill level 13 in Bows
 10457 | D:10     | Noticed a hill giant
 10466 | D:10     | Killed a hill giant
 10491 | D:10     | Noticed a hill giant
 10500 | D:10     | Killed a hill giant
 10500 | D:10     | Reached skill level 10 in Fighting
 10669 | D:10     | Noticed a cyan ugly thing
 10672 | D:10     | Noticed a brown ugly thing
 10689 | D:10     | Killed a green ugly thing
 10720 | D:10     | Killed a brown ugly thing
 10720 | D:10     | Reached XP level 11. HP: 87/100 MP: 11/11
 10765 | D:10     | Gained mutation: You are frail. (-10% HP) [mutagenic meat]
 10768 | D:10     | Gained mutation: You expend magic power (3 MP) to strengthen your wands. [mutagenic meat]
 10771 | D:10     | Gained mutation: Your system is resistant to poisons. (rPois) [mutagenic meat]
 10780 | D:10     | Gained mutation: You are clumsy. (Dex -2) [mutagenic meat]
 10783 | D:10     | Lost mutation: You expend magic power (3 MP) to strengthen your wands. [mutagenic meat]
 10786 | D:10     | Gained mutation: You are very clumsy. (Dex -4) [mutagenic meat]
 10792 | D:10     | Gained mutation: You tend to lose your temper in combat. [mutagenic meat]
 10985 | D:10     | Found a staircase to the Lair.
 11039 | D:10     | Found Soatuog's Distillery.
 11251 | Orc:1    | Entered Level 1 of the Orcish Mines
 11251 | Orc:1    | Noticed an orc knight
 11287 | D:10     | Killed an orc knight
 11653 | D:11     | Reached skill level 14 in Bows
 11853 | D:11     | Reached **** piety under Fedhas
 11860 | D:11     | Found a shimmering altar of Xom.
 12226 | D:11     | Found Xecoomaf's Magic Scroll Emporium.
 12520 | D:12     | Reached skill level 10 in Long Blades
 12547 | D:12     | Noticed a hill giant
 12554 | D:12     | Killed a hill giant
 12798 | D:12     | HP: 3/93 [yak (8)]
 12920 | D:12     | Reached XP level 12. HP: 33/100 MP: 12/12
 13079 | D:12     | Gained mutation: Your body sometimes deteriorates upon taking damage. [mutagenic meat]
 13082 | D:12     | Lost mutation: You are very clumsy. (Dex -4) [mutagenic meat]
 13438 | D:12     | Reached ***** piety under Fedhas
 13721 | D:13     | Noticed a four-headed hydra
 13732 | D:13     | Killed a four-headed hydra
 13796 | D:13     | Noticed a centaur warrior
 13818 | D:13     | Noticed Snorg
 13836 | D:13     | Slain by a large slime creature

Vault maps used:
D:1:      kennysheep_arrival_seaside
D:2:      roderic_cross_of_infinity
D:3:      lemuel_upstairs_altar, grunt_temple_overflow_open
D:4:      minmay_divided_ellipse, uniq_grinder, uniq_pikel
D:5:      old_standard_altar, kennysheep_little_box, first_bread,
          minmay_misc_feat_room, uniq_blork_the_orc
D:8:      lemuel_ratsnest
D:10:     minmay_ornate_pinched, serial_shops, shop, nicolae_shop_stone
D:11:     basic_altar, serial_shops, shop, david_nohive_1,
          kennysheep_flooded_box, minivault_10
D:13:     giant_chief_lemuel, uniq_snorg
Temple:   dpeg_five_rooms_temple

Skill      XL: |  1  2  3  4  5  6  7  8  9 10 11 12 |
---------------+-------------------------------------+-----
Fighting       | 3 4 5 6 7 8 10 11 12 | 12.6
Bows           | 6 8 9 10 12 13 14 | 14.3
Long Blades    | 3 4 5 7 8 10 11 | 11.3
Dodging        | |  1.3
Stealth        | |  0.5

Action                   |  1- 3 |  4- 6 |  7- 9 | 10-12 || total
-------------------------+-------+-------+-------+-------++-------
Melee: Short sword       |   192 |    81 |       |       ||   273
       Kick              |    41 |    43 |   123 |   163 ||   370
       Long sword        |       |    93 |   486 |   522 ||  1101
       Falchion          |       |    14 |       |       ||    14
       Headbutt          |       |       |    42 |   110 ||   152
 Fire: Shortbow          |       |    26 |    89 |   202 ||   317
Evoke: Lamp of fire      |       |       |       |     1 ||     1
  Use: Scroll            |     1 |     3 |    13 |     5 ||    22
       Potion            |       |       |       |     3 ||     3
  Eat: Chunk             |     3 |     5 |    21 |    25 ||    54
       Beef jerky        |       |       |       |     1 ||     1
Armor: Leather armour    |   104 |    47 |    69 |       ||   220
       Chain mail        |       |       |   163 |   447 ||   610
       Ring mail         |       |       |    18 |       ||    18
Dodge: Dodged            |   100 |    63 |   146 |    90 ||   399
